 Dungeon Crawl Stone Soup version 0.21-a0-41-g5e91fef (webtiles) character file.

394 roguesci the Chiller (level 6, -13/51 HPs)
             Began as a Draconian Ice Elementalist on June 3, 2017.
             Mangled by a two-headed ogre
             ... wielding a +0 giant spiked club
              (18 damage)
             ... on level 5 of the Dungeon.
             The game lasted 00:17:53 (5146 turns).

roguesci the Chiller (Draconian Ice Elementalist)   Turns: 5146, Time: 00:17:54

Health: -13/51     AC: 11    Str: 11    XL:     6   Next: 52%
Magic:  5/10       EV: 13    Int: 17    God:
Gold:   193        SH:  0    Dex: 11    Spells: 5/11 levels left

rFire    + . .     SeeInvis .   n - +1 dagger (venom)
rCold    . . .     Gourm    .   (no shield)
rNeg     . . .     Faith    .   (armour unavailable)
rPois    .         Spirit   .   (helmet restricted)
rElec    .         Reflect  .   u - scarf {cloud immunity}
rCorr    .         Harm     .   (no gloves)
MR       .....                  (no boots)
Stlth    ++........             (no amulet)
Regen    0.2/turn               c - ring of protection from fire
MPRegen  0.2/turn               (no ring)

@: icy armour, slow
A: unfitting armour, cold-blooded, AC +6
a: no special abilities


You were on level 5 of the Dungeon.
You were hungry.

You visited 1 branch of the dungeon, and saw 5 of its levels.

You collected 193 gold pieces.

Inventory:

Hand Weapons
 n - a +1 dagger of venom (weapon)
Missiles
 j - 130 stones (quivered)
 t - 2 throwing nets
Armour
 u - a scarf of cloud immunity (worn)
Jewellery
 c - a ring of protection from fire (left hand)
Wands
 h - a wand of confusion (16/48)
Scrolls
 d - 2 scrolls of enchant armour
 e - 6 scrolls of teleportation {unknown}
 g - a scroll of enchant weapon {unknown}
 i - 2 scrolls of immolation {unknown}
 k - a scroll of amnesia
 l - 7 scrolls of identify {unknown}
 m - a scroll of remove curse
 p - 2 scrolls of magic mapping {unknown}
 w - a scroll of blinking {unknown}
Potions
 o - a potion of haste {unknown}
 r - a potion of lignification {unknown}
 s - a potion of brilliance {unknown}
 v - a potion of curing
Books
 a - a book of Frost

   Spells                             Type                      Level
   a - Freeze                         Ice                          1
   b - Throw Frost                    Conjuration/Ice              2
   c - Ozocubu's Armour               Charms/Ice                   3
   d - Throw Icicle                   Conjuration/Ice              4
   e - Summon Ice Beast               Ice/Summoning                4
 q - a book of Maledictions

   Spells                             Type                      Level
   a - Corona                         Hexes                        1
   b - Ensorcelled Hibernation        Hexes/Ice                    2
   c - Confuse                        Hexes                        3
   d - Tukima's Dance                 Hexes                        3
   e - Dazzling Spray                 Conjuration/Hexes            3
Comestibles
 b - 3 bread rations
 f - a royal jelly


   Skills:
 + Level 3.6 Fighting
 * Level 3.1 Dodging
 + Level 3.1 Stealth
 * Level 3.0 Spellcasting
   Level 1.0 Conjurations
 + Level 1.0 Hexes
 + Level 0.1 Charms
 + Level 4.1 Ice Magic


You had 5 spell levels left.
You knew the following spells:

 Your Spells              Type           Power        Failure   Level  Hunger
a - Freeze                Ice            ###.         3%          1    None
b - Ozocubu's Armour      Chrm/Ice       #.......     22%         3    ###....
c - Ensorcelled Hibernat  Hex/Ice        ##....       9%          2    ##.....


Dungeon Overview and Level Annotations

Branches:
Dungeon (5/15)
 Temple: D:4-7

Altars:
Gozag
Wu Jian

Shops:
D:4 *


Innate Abilities, Weirdness & Mutations

Your plain brown scales are hard. (AC +6)
You cannot fit into any form of body armour.
You are cold-blooded and may be slowed by cold attacks.


Message History

Casting: Ensorcelled Hibernation
Confirm with . or Enter, or press ? or * to list all spells.
Aiming: Ensorcelled Hibernation
Press: ? - help, Shift-Dir - straight line, f/p - two-headed ogre
Aim: a two-headed ogre, wielding two giant spiked clubs (chance to defeat MR: 26%)
The two-headed ogre resists with almost no effort.
Casting: Ensorcelled Hibernation
Confirm with . or Enter, or press ? or * to list all spells.
Aiming: Ensorcelled Hibernation
Press: ? - help, Shift-Dir - straight line, f/p - two-headed ogre
Aim: a two-headed ogre, wielding two giant spiked clubs (chance to defeat MR: 26%)
Okay, then.
You barely miss the two-headed ogre.
The two-headed ogre hits you with a giant spiked club!
* * * LOW HITPOINT WARNING * * *
The two-headed ogre hits you with a giant spiked club!
* * * LOW HITPOINT WARNING * * *
You hit the two-headed ogre but do no damage.
The two-headed ogre hits you with a giant spiked club!!
You die...

.#.#.##...............#
.#.#.. ...............#
....# #..............#
....+ ..............#
....## .............#
)....# ###.........#
##...########........##
#.............#O.....#
###...........#@####.#
#...........#.# .#
#...........#.# .#
#...........#.# ..
#.......^...#.. .
#...........###
#...........#
#...........#
#############


You could see a two-headed ogre.

Vanquished Creatures
  2 scorpions (D:4)
  A hound (D:4)
  Terence (D:2)
  Natasha (thrice) (D:2)
  A worker ant (D:4)
  Robin (D:2)
  4 adders
  An adder skeleton (D:5)
  4 worms
  5 dart slugs
  A leopard gecko (D:3)
  2 orcs (D:3)
  5 bats
  2 giant cockroaches
  13 goblins
  10 hobgoblins
  3 jackals (D:2)
  2 quokkas
  2 ball pythons
  6 frilled lizards
  5 kobolds
  8 rats
82 creatures vanquished.

Notes
Turn   | Place    | Note
-------+----------+-------------------------------------------
     0 | D:1      | roguesci the Draconian Ice Elementalist began the quest for the Orb.
     0 | D:1      | Reached XP level 1. HP: 14/14 MP: 3/3
   486 | D:1      | Reached XP level 2. HP: 19/22 MP: 0/5
   567 | D:1      | Reached skill level 1 in Fighting
  1755 | D:2      | Reached XP level 3. HP: 24/28 MP: 6/6
  1768 | D:2      | Learned a level 3 spell: Ozocubu's Armour
  1941 | D:2      | Noticed Robin
  1963 | D:2      | Killed Robin
  2548 | D:2      | Noticed Terence
  2599 | D:2      | Killed Terence
  2599 | D:2      | Reached XP level 4. HP: 34/36 MP: 7/7
  2633 | D:2      | Noticed Natasha
  2644 | D:2      | Killed Natasha
  2916 | D:2      | Found an ornate altar of the Wu Jian Council.
  2937 | D:2      | Noticed Natasha
  2946 | D:2      | Killed Natasha
  2946 | D:2      | Reached XP level 5. HP: 38/42 MP: 5/8
  3073 | D:2      | Noticed Natasha
  3081 | D:2      | Killed Natasha
  3273 | D:3      | Learned a level 2 spell: Ensorcelled Hibernation
  3311 | D:3      | Found an opulent altar of Gozag.
  4023 | D:4      | Reached skill level 4 in Ice Magic
  4384 | D:4      | Reached XP level 6. HP: 50/51 MP: 6/10
  4646 | D:4      | Found Cyon's Elemental Accessories.
  4940 | D:4      | Reached skill level 1 in Hexes
  5037 | D:5      | Entered Level 5 of the Dungeon
  5126 | D:5      | Noticed a two-headed ogre
  5146 | D:5      | Mangled by a two-headed ogre

Vault maps used:
D:1:      dpeg_arrival_simpleton_c, minmay_tromino_v4_a
D:2:      lemuel_coloured_pillars_altar, uniq_terence, uniq_natasha, uniq_robin
D:3:      marbit_many_paths
D:4:      nicolae_elemental_shop
D:5:      first_bread

Skill      XL: |  1  2  3  4  5  6 |
---------------+-------------------+-----
Dodging        | 2 3 |  3.1
Fighting       | 1 2 3 |  3.6
Stealth        | 2 3 |  3.1
Ice Magic      | 4 |  4.1
Spellcasting   | 3 |  3.0
Hexes          | 1 |  1.0
Conjurations   | |  1.0
Charms         | |  0.1

Action                   |  1- 3 |  4- 6 || total
-------------------------+-------+-------++-------
Melee: Unarmed           |    88 |       ||    88
       Dagger            |    81 |   129 ||   210
       Tailslap          |    13 |    10 ||    23
Throw: Stone             |     1 |    31 ||    32
 Cast: Freeze            |    19 |    17 ||    36
       Ozocubu's Armour  |     4 |     7 ||    11
       Ensorcelled Hiber |       |    13 ||    13
  Use: Potion            |     3 |     1 ||     4
       Scroll            |     3 |       ||     3
 Stab: Sleeping          |     2 |     9 ||    11
  Eat: Chunk             |     6 |     7 ||    13
       Royal jelly       |       |     1 ||     1
       Fruit             |       |     1 ||     1
Armor: Skin              |    67 |    36 ||   103
Dodge: Dodged            |   104 |    97 ||   201
